 Dungeon Crawl Stone Soup version 0.30.0-29-ga12c61a403 (webtiles) character file.

Game seed: 1386768256025346168

315 qw the Shield-Bearer (level 6, -13/37 HPs)
             Began as a Gargoyle Fighter on June 4, 2023.
             Mangled by an ogre
             ... wielding a +0 giant club
              (20 damage)
             ... on level 4 of the Dungeon.
             The game lasted 00:01:35 (3013 turns).

qw the Shield-Bearer (Gargoyle Fighter)             Turns: 3013, Time: 00:01:35

Health: -13/37     AC: 11    Str: 22    XL:     6   Next: 43%
Magic:  6/6        EV:  8    Int:  8    God:
Gold:   69         SH:  8    Dex:  9    Spells: 5/5 levels left

rFire   . . .        Y - +0 war axe
rCold   . . .        i - +0 kite shield
rNeg    + . .        b - +0 scale mail
rPois   inf          (no helmet)
rElec   +            (no cloak)
rCorr   .            (no gloves)
SInv    .            (no boots)
Will    .....        e - amulet of the acrobat Stlth
                     (no ring)
HPRegen 0.26/turn    (no ring)
MPRegen 0.10/turn

%: acrobat
@: no status effects
A: sickness immunity, AC +4, negative energy resistance 1, electricity
resistance, torment resistance 1, petrification resistance
a: no special abilities


You were on level 4 of the Dungeon.
You visited 1 branch of the dungeon, and saw 4 of its levels.

You collected 69 gold pieces.


Innate Abilities, Weirdness & Mutations

You are immune to sickness and miasma.
Your stone body is resilient. (AC +4)
You are immune to poison.
You resist negative energy. (rN+)
You are resistant to electric shocks. (rElec)
You are resistant to unholy torment.
You are immune to petrification.


   Skills:
 + Level 3.4 Fighting
 - Level 5.0 Axes
 - Level 3.2 Armour
 - Level 5.1 Shields


You had 5 spell levels left.
You didn't know any spells.
Your spell library was empty.

Inventory:

Hand Weapons
 h - a +0 morningstar
 Y - a +0 war axe (weapon)
Armour
 b - a +0 scale mail (worn)
 i - a +0 kite shield (worn)
Jewellery
 e - an amulet of the acrobat (around neck)
Scrolls
 a - a scroll of identify
 f - a scroll of vulnerability {unknown}
 j - a scroll of enchant armour
 k - a scroll of magic mapping {unknown}
Potions
 c - a potion of attraction
 d - a potion of might
 g - a potion of cancellation
 l - a potion of curing

Dungeon Overview and Level Annotations

Branches:
Dungeon (4/15)
 Temple: D:4-7

Altars:
Hepliaklqana
Sif Muna


Message History

There is an open door here.
You see here a +0 club.
You now have 69 gold pieces (gained 13).
An endoplasm comes into view.
The endoplasm quivers.
Enter note:
Enter note:
Enter note:
Enter note: You barely miss the endoplasm.
You block the endoplasm's attack.
You completely miss the endoplasm. The endoplasm freezes you.
You are frozen.
The endoplasm hits you but does no damage.
You slash the endoplasm!
You kill the endoplasm!
You start resting.
HP restored.
An ogre comes into view. It is wielding a +0 giant club.
The ogre shouts!
The ogre moves out of view.
Enter note:
Enter note:
Enter note:
Enter note: You barely miss the ogre.
The ogre hits you with a +0 giant club!!
Ouch! That really hurt!
You hit the ogre.
The ogre is lightly wounded.
The ogre hits you with a +0 giant club!
You slash the ogre!
The ogre is heavily wounded.
The ogre closely misses you.
You barely miss the ogre.
The ogre is heavily wounded.
The ogre hits you with a +0 giant club!!
Ouch! That really hurt!
You die...

...#.........#####
##.#.............#
#.#.##.......##.#
#.#........##.#
#.#........##.#
#.#........##.#
#.#........##.#
#.#........##.#
#.#........##@#
#O# #.# ..# .## .^
.. ###


You could see an ogre.

Vanquished Creatures
  An ogre (D:4)
  A howler monkey (D:3)
  An orc priest (D:3)
  An orc wizard (D:3)
  3 gnolls (D:3)
  3 adders
  2 ufetubi
  8 orcs
  4 bats
  5 endoplasms
  4 giant cockroaches
  6 goblins
  4 hobgoblins
  4 kobolds
  3 quokkas
  4 ball pythons
  7 frilled lizards
  3 rats
64 creatures vanquished.

Notes
Turn   | Place    | Note
-------+----------+-------------------------------------------
     0 | D:1      | qw the Gargoyle Fighter began the quest for the Orb.
     0 | D:1      | Reached XP level 1. HP: 14/14 MP: 1/1
     0 | D:1      | 0 ||| qw: Version: 0.2-a-107-g4668610
     0 | D:1      | 0 ||| qw: Game counter: 1213
     0 | D:1      | 0 ||| qw: Always use a shield: true
     0 | D:1      | 0 ||| qw: God list: Okawaru
     0 | D:1      | 0 ||| qw: Allow faded altars: false
     0 | D:1      | 0 ||| qw: Do Orc after D:15 true
     0 | D:1      | 0 ||| qw: Do second Lair branch before Depths: true
     0 | D:1      | 0 ||| qw: Lair rune preference: random
     0 | D:1      | 0 ||| qw: Plans: Normal, Zot:1-4, Slime:5, God:TSO, Crypt,
                  | Tomb, Abyss, Pan, Hells, Win
     0 | D:1      | 0 ||| PLANNING D:1-11
    15 | D:1      | 15 ||| Stepping ~*~*~tactically~*~*~ (hiding).
    16 | D:1      | 16 ||| Stepping ~*~*~tactically~*~*~ (hiding).
    17 | D:1      | 17 ||| Stepping ~*~*~tactically~*~*~ (hiding).
   247 | D:1      | Reached XP level 2. HP: 15/19 MP: 2/2
   644 | D:1      | Found a faded altar of an unknown god.
   792 | D:1      | 792 ||| DROPPING ring of wizardry.
   793 | D:1      | 793 ||| READING scroll labelled QEJOOL UTAUMA.
   794 | D:1      | 794 ||| READING 2 scrolls labelled JAONETS COCWA.
   795 | D:1      | 795 ||| READING scroll labelled FAFURCH IDWADGHUA.
   798 | D:1      | 798 ||| READING scroll labelled YPNOFA MOOKHLUH.
   899 | D:1      | 899 ||| DRINKING 2 dark potions.
   900 | D:1      | 900 ||| DROPPING potion of brilliance.
   901 | D:1      | 901 ||| DROPPING scroll of blinking.
  1086 | D:2      | Found a shimmering blue altar of Sif Muna.
  1144 | D:2      | Reached skill level 3 in Axes
  1411 | D:2      | Reached XP level 3. HP: 23/23 MP: 3/3
  1931 | D:2      | 1931 ||| UPGRADING to +0 kite shield.
  1941 | D:2      | 1941 ||| DROPPING +0 buckler.
  1942 | D:2      | 1942 ||| READING scroll labelled FOLOTY TISYI.
  1943 | D:2      | 1943 ||| READING scroll labelled SAHETA FULILI.
  1944 | D:2      | 1944 ||| READING scroll labelled UWKIGE PUPHACU.
  1945 | D:2      | 1945 ||| DRINKING 2 white potions.
  1946 | D:2      | 1946 ||| READING 3 scrolls of identify.
  1946 | D:2      | 1946 ||| IDENTIFYING inky potion
  1947 | D:2      | 1947 ||| READING 2 scrolls of identify.
  1947 | D:2      | 1947 ||| IDENTIFYING sedimented grey potion
  1948 | D:2      | 1948 ||| DROPPING potion of flight.
  2063 | D:3      | Reached XP level 4. HP: 25/28 MP: 4/4
  2093 | D:3      | Reached XP level 5. HP: 10/32 MP: 5/5
  2180 | D:3      | 2180 ||| DROPPING +0 whip.
  2242 | D:3      | Found a hazy altar of Hepliaklqana.
  2323 | D:3      | 2323 ||| Stepping ~*~*~tactically~*~*~ (hiding).
  2333 | D:3      | 2333 ||| FLEEEEING.
  2334 | D:3      | 2334 ||| FLEEEEING.
  2335 | D:3      | 2335 ||| FLEEEEING.
  2350 | D:3      | 2350 ||| DRINKING 2 potions of curing.
  2350 | D:3      | 2350 ||| (to cure confusion)
  2515 | D:3      | 2515 ||| FLEEEEING.
  2516 | D:3      | 2516 ||| FLEEEEING.
  2751 | D:3      | 2751 ||| UPGRADING to amulet of the acrobat.
  2756 | D:3      | 2756 ||| READING 2 scrolls labelled ATHYUPP HOSAI.
  2757 | D:3      | 2757 ||| READING 3 scrolls of identify.
  2757 | D:3      | 2757 ||| IDENTIFYING amethyst potion
  2758 | D:3      | 2758 ||| READING 2 scrolls of identify.
  2758 | D:3      | 2758 ||| IDENTIFYING murky pink potion
  2759 | D:3      | 2759 ||| DROPPING potion of ambrosia.
  2793 | D:4      | Noticed an ogre
  2803 | D:4      | Killed an ogre
  2804 | D:4      | Reached XP level 6. HP: 19/37 MP: 6/6
  2908 | D:4      | 2908 ||| DROPPING +0 flail.
  3011 | D:4      | HP: 6/37 [ogre/+0 giant club (12)]
  3013 | D:4      | Mangled by an ogre

Levels and vault maps discovered:
D:1:      minmay_arrival_semitransparent, layout_basic,
          shapermc_ecumenical_altar_petra, roderic_lattice_a
D:2:      layout_basic, basic_altar, minmay_ruptured
D:3:      layout_basic, mainiacjoe_overflow_cross_hatched
D:4:      layout_basic

Skill      XL: |  1  2  3  4  5  6 |
---------------+-------------------+-----
Axes           | 2 3 4 5 |  5.0
Shields        | 4 5 |  5.1
Fighting       | |  3.4
Armour         | |  3.2

Action                     |  1- 3 |  4- 6 || total
---------------------------+-------+-------++-------
  Melee: War axe           |   131 |    90 ||   221
    Use: Scroll            |     9 |     3 ||    12
         Potion            |     2 |     1 ||     3
 Armour: Scale mail        |    61 |    44 ||   105
  Dodge: Dodged            |    61 |    38 ||    99
  Block: Buckler           |    16 |       ||    16
         Kite shield       |     6 |    34 ||    40

Table legend:
 A = Non-vault XP
 B = Vault XP
 C = Vault XP percentage of total XP
 D = Non-vault monster count
 E = Vault monster count
 F = Vault count percentage of total count
                 A         B        C        D         E       F
            +---------+---------+-------+---------+---------+-------
      Total |     446 |       4 |   0.9 |      62 |       2 |   3.1
            +---------+---------+-------+---------+---------+-------
        D:1 |      21 |       0 |   0.0 |      12 |       0 |   0.0
        D:2 |      48 |       4 |   7.7 |      15 |       2 |  11.8
        D:3 |     214 |       0 |   0.0 |      24 |       0 |   0.0
        D:4 |     163 |       0 |   0.0 |      11 |       0 |   0.0
            +---------+---------+-------+---------+---------+-------
